 Dungeon Crawl Stone Soup version 0.22-a0-389-g8519d86 (webtiles) character file.

415 Kairos the Shield-Bearer (level 6, 9/32 HPs)
             Began as a Vine Stalker Fighter on Apr 30, 2018.
             Quit the game on level 4 of the Dungeon.
             The game lasted 00:03:59 (2045 turns).

Kairos the Shield-Bearer (Vine Stalker Fighter)     Turns: 2045, Time: 00:03:59

Health: 9/32       AC:  7    Str: 21    XL:     6   Next: 92%
Magic:  3/7        EV:  8    Int:  8    God:
Gold:   140        SH:  9    Dex: 13    Spells: 5/5 levels left

rFire    . . .     SeeInvis .   a - +0 war axe
rCold    . . .     Gourm    .   c - +0 shield
rNeg     . . .     Faith    .   b - +0 scale mail
rPois    .         Spirit   +   (no helmet)
rElec    .         Reflect  .   (no cloak)
rCorr    .         Harm     .   (no gloves)
MR       .....                  (no boots)
Stlth    ..........             k - amulet of magic regeneration
HPRegen  0.50/turn              (no ring)
MPRegen  0.35/turn              (no ring)

@: no status effects
A: fangs 2, regeneration 1, magic shield, antimagic bite, no potion heal 3, rot
immunity
a: no special abilities


You were on level 4 of the Dungeon.
You were very hungry.

You visited 1 branch of the dungeon, and saw 4 of its levels.

You collected 140 gold pieces.

Inventory:

Hand Weapons
 a - a +0 war axe (weapon)
Armour
 b - a +0 scale mail (worn)
 c - a +0 shield (worn)
Jewellery
 k - an amulet of magic regeneration (around neck)
Scrolls
 e - a scroll of magic mapping {unknown}
 g - a scroll of enchant weapon {unknown}
 i - 2 scrolls of enchant armour {unknown}
 j - 3 scrolls of remove curse {unknown}
 l - a scroll of fear {unknown}
Potions
 d - a potion of might
 m - a potion of ambrosia
 n - 2 potions of heal wounds
 o - a potion of agility
 q - a potion of brilliance
 r - a potion of lignification {unknown}
 s - a potion of curing {unknown}
Comestibles
 f - 6 rations


   Skills:
 + Level 3.6 Fighting
 + Level 3.7 Axes
 + Level 3.7 Armour
 + Level 1.0 Dodging
 + Level 1.2 Stealth
 + Level 3.9 Shields


You had 5 spell levels left.
You didn't know any spells.

Dungeon Overview and Level Annotations

Branches:
Dungeon (4/15)
 Temple: D:4-7

Altars:


Innate Abilities, Weirdness & Mutations

You have extremely sharp teeth.
Your natural rate of healing is unusually fast.
When hurt, damage is shared between your health and your magic reserves.
Your bite disrupts and absorbs the magic of your enemies.
Potions cannot restore your health.
You are immune to rotting.


Message History

You closely miss the orc priest.
The jackal barks!
Your bite misses the orc priest.
The orc priest is severely wounded.
You hit the giant cockroach.
You kill the giant cockroach!
You hit the orc priest but do no damage.
The orc priest calls upon Beogh to heal the orc priest.
The orc priest is healed somewhat.
The orc priest invokes the aid of Beogh against you.
Beogh smites you!
* * * LOW HITPOINT WARNING * * *
The orc priest hits you but does no damage.
You block the orc priest's attack. The orc hits you but does no damage.
You are too injured to fight recklessly!
Unknown command.
You are too injured to fight recklessly!
Unknown command.
Unknown command.
Are you sure you want to abandon this character and quit the game? (Confirm with "yes".)

.... .... #.# ########
..h.. #..# ##......##
..... #..##<.......#
...... #.#......<...
.....h# #............
.....ho## ##...........
....hoo@#####........[..
....$.o.................
##############.........#
##........# #..........
#.......... #..........
#.......... #..........


You could see 2 orc priests, 2 orcs and 4 jackals.

Vanquished Creatures
  Sigmund (D:3)
  An orc wizard (D:3)
  A worker ant (D:4)
  7 gnolls
  3 adders (D:2)
  2 oozes (D:3)
  4 worms
  3 dart slugs
  2 leopard geckos (D:2)
  3 orcs (D:3)
  5 giant cockroaches
  3 goblins
  5 hobgoblins
  4 jackals (D:1)
  15 kobolds
  2 quokkas
  A ball python (D:3)
  5 bats
  5 frilled lizards
  16 rats
88 creatures vanquished.

Notes
Turn   | Place    | Note
-------+----------+-------------------------------------------
     0 | D:1      | Kairos the Vine Stalker Fighter began the quest for the Orb.
     0 | D:1      | Reached XP level 1. HP: 11/11 MP: 2/2
    94 | D:1      | Reached XP level 2. HP: 16/16 MP: 3/3
   322 | D:1      | Reached XP level 3. HP: 6/20 MP: 4/4
   796 | D:2      | Gained mutation: Your natural rate of healing is unusually fast. [Vine Stalker growth]
   796 | D:2      | Reached XP level 4. HP: 22/24 MP: 5/5
  1048 | D:2      | Reached skill level 1 in Stealth
  1116 | D:2      | Reached XP level 5. HP: 25/28 MP: 6/6
  1446 | D:3      | Noticed Sigmund
  1465 | D:3      | Killed Sigmund
  1465 | D:3      | Reached skill level 1 in Dodging
  1465 | D:3      | Reached XP level 6. HP: 18/32 MP: 7/7
  2045 | D:4      | Quit the game

Vault maps used:
D:1:      ncdulo_lavacross, grunt_decor_fettered
D:2:      first_ration
D:3:      uniq_sigmund
D:4:      uniq_menkaure, uniq_crazy_yiuf_cottage

Skill      XL: |  1  2  3  4  5 |
---------------+----------------+-----
Shields        | 3 |  3.9
Axes           | 2 3 |  3.7
Fighting       | 3 |  3.6
Armour         | 3 |  3.7
Stealth        | 1 |  1.2
Dodging        | 1 |  1.0

Action                   |  1- 3 |  4- 6 || total
-------------------------+-------+-------++-------
Melee: War axe           |   118 |   141 ||   259
       Bite              |    35 |    43 ||    78
  Use: Scroll            |       |     6 ||     6
  Eat: Chunk             |       |     3 ||     3
Armor: Scale mail        |    55 |    48 ||   103
Dodge: Dodged            |    41 |    43 ||    84
Block: Shield            |    64 |    91 ||   155

Table legend:
 A = Spawn XP
 B = Non-spawn XP
 C = Spawn XP percentage of total XP
 D = Spawn monster count
 E = Non-spawn monster count
 F = Spawn count percentage of total count
 G = Total turns spent on level
                    A         B        C        D         E        F      G
               +---------+---------+-------+---------+---------+-------+---------
         Total |       0 |     594 |   0.0 |       0 |      88 |   0.0 |  2045
               +---------+---------+-------+---------+---------+-------+---------
           D:1 |       0 |      48 |   0.0 |       0 |      30 |   0.0 |   680
           D:2 |       0 |     132 |   0.0 |       0 |      30 |   0.0 |   647
           D:3 |       0 |     379 |   0.0 |       0 |      26 |   0.0 |   676
           D:4 |       0 |      35 |   0.0 |       0 |       2 |   0.0 |    42
               +---------+---------+-------+---------+---------+-------+---------
